Map: Ruins of Endion

Players

Cham - Winner!

  • Race: Zerg Zerg

Bly

  • Race: Zerg Zerg

Event: DreamHack Open Tours WCS Spring Championship

VOD

Have the link to the VOD?

Description

Time

  • Played on: May 14, 2016, 9:38 a.m.
  • Length: 9:09

All games in this series

Show
View Real Time Build Order
Export as new Build Order

Cham Zerg - Winner!

Build Orders: Hatch First 

Get SALT Encoding   

  12  0:00  Drone  
  13  0:10  Drone  
  14  0:18  Overlord  
  14  0:36  Drone x3  
  17  0:57  Hatchery  
  17  1:02  Drone x2  
  18  1:17  Spawning Pool  
  18  1:18  Drone  
  18  1:23  Drone  
  19  1:32  Drone  
  20  1:47  Hatchery  
  20  1:49  Drone  
  20  1:54  Overlord  
  20  2:07  Zergling x2  
  21  2:08  Queen  
  21  2:09  Zergling x2  
  25  2:15  Zergling x2  
  25  2:18  Queen  
  25  2:22  Drone  
  28  2:24  Drone  
  29  2:32  Zergling x2  
  29  2:34  Zergling x2  
  31  2:42  Zergling x2  
  32  2:45  Queen  
  32  2:49  Zergling x2  
  34  2:53  Zergling x2  
  34  2:59  Zergling x2  
  34  3:01  Queen  
  34  3:02  Zergling x4  
  38  3:07  Zergling x2  
  38  3:10  Zergling x2  
  40  3:17  Zergling x2  
  42  3:20  Zergling x2  
  41  3:28  Queen  
  40  3:42  Zergling x2  
  40  3:44  Queen  
  40  3:47  Queen  
  41  3:50  Zergling x2  
  41  3:52  Overlord  
  41  4:05  Overlord  
  41  4:06  Drone  
  41  4:09  Overlord  
  41  4:10  Queen  
  41  4:13  Drone x3  
  41  4:16  Drone x2  
  48  4:22  Queen, Drone  
  51  4:27  Drone x2  
  53  4:34  Extractor x2  
  53  4:35  Drone x4  
  55  4:42  Drone x2  
  57  4:51  Overlord  
  57  4:52  Drone  
  58  4:54  Drone  
  59  5:00  Roach Warren  
  59  5:04  Overlord  
  59  5:06  Drone x3  
  61  5:14  Overlord  
  61  5:16  Drone x4  
  65  5:27  Overlord  
  65  5:30  Overlord  
  65  5:33  Metabolic Boost  
  65  5:34  Overlord x2  
  65  5:36  Drone x4  
  69  5:48  Roach x2  
  69  5:49  Roach x3  
  79  5:55  Overlord, Roach x2  
  83  5:58  Roach  
  83  6:00  Roach  
  83  6:03  Overlord  
  87  6:05  Roach  
  87  6:06  Zergling x4  
  87  6:11  Roach, Zergling x4  
  93  6:14  Roach, Zergling x4  
  99  6:21  Roach  
  99  6:22  Zergling x4  
  103  6:27  Roach x2  
  103  6:31  Zergling x2  
  108  6:33  Roach, Zergling x4  
  108  6:34  Zergling x2  
  108  6:39  Zergling x2  
  114  6:45  Roach x2  
  118  6:49  Zergling x2  
  118  6:53  Roach x2, Zergling x8  
  127  6:56  Queen  
  127  6:59  Roach x2  
  133  7:09  Roach x2  
  133  7:13  Overlord x3  
  136  7:26  Roach  
  136  7:27  Zergling x4  
  137  7:30  Queen x2  
  137  7:32  Queen  
  137  7:33  Zergling x6  
  143  7:38  Roach x3, Zergling x6  
  151  7:47  Roach  
  153  7:52  Roach x3  
  153  7:58  Roach x2, Zergling x4  
  144  7:59  Zergling x6  
  135  8:06  Queen  
  135  8:08  Roach x2  
  139  8:14  Roach  
  139  8:17  Roach, Zergling x4  
  140  8:23  Roach x2, Zergling x2  
  140  8:24  Zergling x2  
  140  8:26  Zergling x4  
  145  8:28  Roach, Zergling x6  
  145  8:30  Zergling x2  
  144  8:37  Roach  
  148  8:42  Roach x2  
  149  8:49  Roach, Zergling x2  
Show
View Real Time Build Order
Export as new Build Order

Bly Zerg 

Build Orders: Hatch First 

Get SALT Encoding   

  12  0:00  Drone  
  13  0:12  Overlord  
  13  0:18  Drone  
  14  0:31  Drone x2  
  17  0:35  Drone  
  17  0:52  Hatchery  
  16  1:01  Extractor, Drone  
  16  1:11  Spawning Pool  
  16  1:14  Drone  
  16  1:17  Drone  
  17  1:22  Drone  
  18  1:32  Drone  
  19  1:39  Overlord  
  19  2:00  Zergling x4  
  19  2:01  Queen, Metabolic Boost  
  21  2:04  Zergling x2  
  24  2:11  Zergling x2  
  24  2:14  Queen  
  27  2:17  Zergling x2  
  28  2:26  Baneling Nest  
  28  2:28  Zergling x2  
  28  2:29  Zergling x2  
  29  2:34  Zergling x2  
  30  2:40  Zergling x2  
  30  2:57  Zergling x6  
  32  3:03  Zergling x2  
  33  3:10  Zergling x4  
  33  3:11  Zergling x2  
  36  3:16  Zergling x4  
  35  3:27  Overlord  
  35  3:32  Baneling x2  
  35  3:34  Zergling x4  
  35  3:39  Zergling x4  
  34  3:53  Drone x6  
  36  3:58  Drone  
  37  4:04  Drone x2  
  39  4:10  Drone x2  
  39  4:12  Drone  
  41  4:17  Overlord  
  41  4:24  Overlord  
  41  4:29  Overlord  
  41  4:37  Lair  
  41  4:42  Drone x3  
  41  4:45  Drone x3  
  47  4:48  Drone x2  
  49  4:54  Drone  
  49  4:59  Extractor, Drone x2  
  50  5:06  Extractor  
  49  5:07  Drone x2, Extractor  
  49  5:08  Drone x2  
  52  5:14  Overlord  
  52  5:16  Drone x2  
  55  5:21  Drone x2  
  56  5:36  Drone, Hatchery  
  56  5:37  Drone  
  56  5:38  Spire, Drone  
  56  5:41  Baneling  
  57  5:44  Drone x2  
  57  5:45  Drone  
  60  5:54  Drone x2  
  60  5:55  Drone  
  60  5:56  Overseer  
  63  5:59  Overlord  
  63  6:00  Overlord  
  63  6:09  Overlord x2  
  63  6:21  Spine Crawler x2  
  61  6:29  Spine Crawler  
  61  6:30  Spine Crawler  
  59  6:36  Zergling x12  
  65  6:47  Baneling x3  
  65  6:50  Mutalisk x7  
  65  6:52  Mutalisk  
  81  6:54  Mutalisk  
  81  6:59  Baneling x2  
  81  7:06  Zergling x6  
  83  7:09  Baneling x2  
  83  7:10  Baneling x2  
  83  7:16  Zergling x4  
  83  7:17  Zergling x2  
  83  7:21  Roach Warren  
  85  7:27  Mutalisk x2  
  89  7:33  Zergling x2  
  89  7:40  Baneling x5  
  89  7:46  Spine Crawler  
  89  7:47  Spine Crawler  
  86  7:57  Zergling x14  
  74  8:06  Mutalisk x3  
  74  8:08  Zergling x2  
  74  8:09  Zergling x8  
  81  8:17  Baneling x2  
  69  8:23  Roach  
  69  8:24  Roach x2  
  69  8:25  Zergling x8  
  50  8:39  Zergling x6  
  46  8:44  Zergling x2  
  41  8:48  Baneling  
  41  8:49  Ravager, Baneling  
  41  8:51  Zergling x4  

Tags
 
Add a new tag
Caveats
  • Supply blocks, unpowered buildings, or Contaminate may cause inaccurate times.
  • Supply counts are checked every 10 seconds.